 Dungeon Crawl Stone Soup version 0.29-a0-821-g66395355a5 (webtiles) character file.

Game seed: 13951561310699236823

193 Sabo the Shield-Bearer (level 6, -1/43 HPs)
             Began as a Formicid Fighter on July 7, 2022.
             Was a Believer of Hepliaklqana.
             Shot with an arrow by a centaur (8 damage)
             ... on level 4 of the Dungeon.
             The game lasted 00:17:40 (3344 turns).

Sabo the Shield-Bearer (Formicid Fighter)           Turns: 3344, Time: 00:17:40

Health: -1/43      AC:  9    Str: 22    XL:     6   Next: 2%
Magic:  6/6        EV: 12    Int:  8    God:    Hepliaklqana [**....]
Gold:   134        SH:  5    Dex: 13    Spells: 5/5 levels left

rFire   . . .      SeeInvis +   a - +1 war axe (vorpal)
rCold   . . .      Faith    .   c - +0 buckler
rNeg    . . .      Spirit   .   r - +0 chain mail
rPois   .          Reflect  .   (helmet unavailable)
rElec   .          Harm     .   (no cloak)
rCorr   .          Rampage  .   (no gloves)
Will    .....                   (no boots)
Stlth   ..........              q - amulet of the acrobat
HPRegen 0.14/turn               w - +4 ring of evasion
MPRegen 0.10/turn               (no ring)

@: lethally poisoned (-1 -> -5)
A: reduced essence, permanent stasis, dig shafts and tunnels, antennae 3, four
strong arms
a: Dig, Shaft Self, Renounce Religion, Recall Ancestor, Ancestor Identity


You were on level 4 of the Dungeon.
You worshipped Hepliaklqana.
Hepliaklqana was pleased with you.
You visited 1 branch of the dungeon, and saw 4 of its levels.

You collected 134 gold pieces.

Inventory:

Hand Weapons
 a - a +1 vorpal war axe (weapon)
 f - a +4 sling
 s - a +0 battleaxe
Missiles
 h - 4 curare-tipped darts
 k - 6 poisoned darts
Armour
 c - a +0 buckler (worn)
 r - a +0 chain mail (worn)
Jewellery
 p - a ring of ice
 q - an amulet of the acrobat (around neck)
 w - a +4 ring of evasion (left hand)
Scrolls
 i - a scroll of fear
 j - a scroll of poison {unknown}
 l - a scroll of teleportation {unknown}
 n - a scroll of amnesia {unknown}
 v - a scroll of enchant weapon {unknown}
Potions
 b - a potion of degeneration {unknown}
 d - a potion of might
 e - 3 potions of attraction {unknown}
 m - a potion of ambrosia {unknown}
 o - 2 potions of curing {unknown}
 t - a potion of heal wounds {unknown}


   Skills:
 + Level 3.9 Fighting
 + Level 4.0 Axes
 + Level 4.4 Armour
 + Level 0.7 Dodging
 + Level 0.1 Stealth
 + Level 4.6 Shields


You had 5 spell levels left.
You didn't know any spells.
Your spell library contained the following spells:

 Spells                   Type           Power      Damage    Failure   Level
 Portal Projectile        Hex/Tloc       0%         N/A       100%        3
 Tukima's Dance           Hex            0%         N/A       100%        3
 Blade Hands              Tmut           0%         N/A       100%        5


Dungeon Overview and Level Annotations

Branches:
Dungeon (4/15)
 Temple: D:4-7

Altars:
Hepliaklqana


Innate Abilities, Weirdness & Mutations

Your life essence is reduced to manifest your ancestor. (-10% HP)
You cannot be hasted, slowed, berserked, paralysed or teleported.
You can dig through walls and to a lower floor.
You have a pair of large antennae on your head. (SInv)
Your four strong arms can wield two-handed weapons with a shield.


Message History

Things that are here:
a +0 short sword; 3 stones A centaur and an orc come into view.
The centaur shouts!
The orc shouts!
The centaur shoots an arrow.
The arrow misses you.
The orc throws a boomerang.
The boomerang misses you.
The centaur shoots an arrow.
You block the arrow. The adder misses you.
The centaur shoots an arrow.
You block the arrow. The orc completely misses you.
You see here a wand of light (8).
You hit the orc.
The orc is moderately wounded.
You completely miss the adder. You closely miss the orc.
The centaur shoots an arrow.
The arrow hits you. The adder bites you but does no damage.
The centaur wields a +0 shortbow.
The centaur shoots an arrow.
The arrow hits you. The adder barely misses you.
The centaur shoots an arrow.
The arrow hits you! The orc closely misses you.
The orc hits you but does no damage.
An orc comes into view. It is wielding a +0 mace.
You hear an angry hiss.
You hit the orc.
You kill the orc!
You hit the orc.
You kill the orc!
You closely miss the adder.
You hear the slow rusting of a distant drain.
The centaur shoots an arrow.
Tochtli blocks the arrow.
The centaur shoots an arrow.
The arrow hits Tochtli.
The adder bites you but does no damage.
The orc throws a boomerang.
The boomerang completely misses you.
The centaur shoots an arrow.
The arrow barely misses Tochtli.
The arrow closely misses you.
An adder comes into view.
The adder bites you.
You are poisoned.
The adder poisons you! The orc hits you with a +0 mace.
* * * LOW HITPOINT WARNING * * *
You barely miss the adder. You barely miss the orc.
* * * LOW HITPOINT WARNING * * *
You feel very sick.
The centaur shoots an arrow.
The arrow hits you!
You die...

. .. ...###### ........#
...ccR..################
S.......)...............
...o..o@##............#
..o...S)##............#
........##............#
........##..........).##
..$.....##..............
........############.###
........# #.# ........#
#####.# #.....#


You could see the friendly Tochtli the knight, 2 centaurs, 2 adders and 3 orcs.

Vanquished Creatures
  Jessica (D:3)
  2 adders
  A dart slug (D:3)
  2 orcs (D:4)
  4 ball pythons
  4 bats
  4 endoplasms
  A giant cockroach (D:2)
  5 goblins
  2 hobgoblins
  7 jackals (D:3)
  5 kobolds
  A quokka (D:2)
  2 frilled lizards
  3 rats
44 creatures vanquished.

Vanquished Creatures (collateral kills)
  Blork the orc (D:4)
  2 adders (D:3)
  2 worms (D:3)
  A ball python (D:2)
  A goblin (D:1)
  A jackal (D:3)
  A quokka (D:2)
  2 bats (D:3)
11 creatures vanquished.

Vanquished Creatures (others)
  An ancestor (D:1)
1 creature vanquished.

Grand Total: 56 creatures vanquished

Notes
Turn   | Place    | Note
-------+----------+-------------------------------------------
     0 | D:1      | Sabo the Formicid Fighter began the quest for the Orb.
     0 | D:1      | Reached XP level 1. HP: 18/18 MP: 1/1
   201 | D:1      | Reached XP level 2. HP: 20/24 MP: 2/2
   607 | D:1      | Found a faded altar of an unknown god.
   644 | D:1      | Prayed at the altar of an unknown god.
   644 | D:1      | Became a worshipper of Hepliaklqana the Forgotten
   644 | D:1      | Reached * piety under Hepliaklqana
  1233 | D:2      | Reached XP level 3. HP: 24/24 MP: 3/3
  1300 | D:2      | Reached ** piety under Hepliaklqana
  1310 | D:2      | Remembered your ancestor Tochtli as a knight
  2331 | D:3      | Noticed Jessica
  2335 | D:3      | Killed Jessica
  2336 | D:3      | Reached XP level 4. HP: 31/33 MP: 4/4
  2784 | D:3      | Reached XP level 5. HP: 31/37 MP: 5/5
  3312 | D:4      | Noticed Blork the orc
  3318 | D:4      | Killed Blork the orc
  3319 | D:4      | Reached XP level 6. HP: 36/43 MP: 6/6
  3344 | D:4      | Shot with an arrow by a centaur

Illustrated notes

Levels and vault maps discovered:
D:1:      dpeg_arrival_radiant, layout_rooms,
          hellmonk_ecumenical_altar_crossroads, minmay_liquid_box
D:2:      minmay_wonky_spiral, layout_basic
D:3:      layout_basic, uniq_jessica
D:4:      layout_basic, mainiacjoe_overflow_boulevard, trog_hazing_becter,
          gup_sewer_entry_spiral, minmay_manual_mares, uniq_blork_the_orc

Skill      XL: |  1  2  3  4  5 |
---------------+----------------+-----
Axes           | 3 4 |  4.0
Armour         | 4 |  4.4
Fighting       | |  3.9
Dodging        | |  0.7
Stealth        | |  0.1
Shields        | |  4.6

Action                   |  1- 3 |  4- 6 || total
-------------------------+-------+-------++-------
Melee: War axe           |    69 |    36 ||   105
       Battleaxe         |       |    17 ||    17
Invok: Ancestor Identity |     1 |       ||     1
       Ancestor Life: Kn |     1 |       ||     1
  Use: Scroll            |       |     2 ||     2
Armor: Scale mail        |    26 |       ||    26
       Chain mail        |     2 |    38 ||    40
Dodge: Dodged            |    27 |    38 ||    65
Block: Buckler           |    11 |    13 ||    24

Table legend: (Time is in decaauts)
 A = Elapsed time spent in this place.
 B = Non-inter-level travel time spent in this place.
 C = Inter-level travel time spent in this place.
 D = Time resting spent in this place.
 E = Time spent auto-exploring this place.
 F = Levels seen in this place.
 G = Mean time per level.
                   A        B        C        D        E       F      G
               +--------+--------+--------+--------+--------+-----+--------+
         Total |   3393 |   3393 |      0 |    636 |      0 |   4 |  848.2 |
       Dungeon |   3393 |   3393 |      0 |    636 |      0 |   4 |  848.2 |
               +--------+--------+--------+--------+--------+-----+--------+

Top non-repeatable levels by time:
     D:2: 1352 daAuts
     D:3: 1004 daAuts
     D:1: 986 daAuts
     D:4: 50 daAuts
